 Dungeon Crawl Stone Soup version 0.28.0-62-gf88900778d (webtiles) character file.

Game seed: 11573110175744513254

107 cbfl8 the Covered (level 4, -1/40 HPs)
             Began as a Minotaur Fighter on July 7, 2023.
             Slain by an orc warrior
             ... wielding a +0 trident
              (12 damage)
             ... on level 4 of the Dungeon.
             The game lasted 00:02:07 (2689 turns).

cbfl8 the Covered (Minotaur Fighter)                Turns: 2689, Time: 00:02:08

Health: -1/40      AC:  9    Str: 21    XL:     4   Next: 57%
Magic:  3/3        EV:  9    Int:  5    God:
Gold:   145        SH:  4    Dex: 11    Spells: 3/3 levels left

rFire   . . .      SeeInvis .   a - +0 war axe
rCold   + . .      Faith    .   c - +0 buckler
rNeg    . . .      Spirit   .   b - +0 scale mail
rPois   .          Reflect  .   (helmet restricted)
rElec   .          Harm     .   m - +1 cloak
rCorr   .          Rampage  .   (no gloves)
Will    .....                   (no boots)
Stlth   ..........              (no amulet)
HPRegen 0.13/turn               g - ring of flight
MPRegen 0.08/turn               p - ring of protection from cold

@: mighty, flying
A: horns 2, retaliatory headbutt
a: no special abilities


You were on level 4 of the Dungeon.
You visited 1 branch of the dungeon, and saw 4 of its levels.

You collected 193 gold pieces.
You spent 48 gold pieces at shops.

Inventory:

Hand Weapons
 a - a +0 war axe (weapon)
Armour
 b - a +0 scale mail (worn)
 c - a +0 buckler (worn)
 m - a +1 cloak (worn)
Jewellery
 g - a ring of flight (left hand)
 p - a ring of protection from cold (right hand)
Scrolls
 f - a scroll of enchant weapon
 i - 2 scrolls of vulnerability {unknown}
 j - 2 scrolls of magic mapping
 k - 2 scrolls of fear
 l - a scroll of enchant armour
Potions
 h - 2 potions of haste {unknown}
 n - a potion of resistance {unknown}
 o - a potion of flight {unknown}


   Skills:
 + Level 4.1 Fighting
 + Level 3.4 Axes
 * Level 1.1 Throwing
 + Level 4.2 Armour
 + Level 0.3 Dodging
 + Level 3.8 Shields
 * Level 1.9 Evocations


You had 3 spell levels left.
You didn't know any spells.
Your spell library was empty.

Dungeon Overview and Level Annotations

Branches:
Dungeon (4/15)
 Temple: D:4-7

Altars:

Shops:
D:2 ?

Annotations:
D:3 2 transporters, macfelon's ghost, amateur DECj


Innate Abilities, Weirdness & Mutations

You have a pair of horns on your head.
You reflexively headbutt those who attack you in melee.


Message History

You feel very mighty all of a sudden. The kobold hits you but does no damage.
The orc wizard closely misses you.
You miss the kobold. You hit the orc wizard. The kobold closely misses you.
The orc wizard hits you but does no damage.
The kobold hits you but does no damage.
You miss the orc wizard. You headbutt the orc wizard.
The orc wizard is severely wounded.
You closely miss the kobold.
The orc wizard hits you but does no damage.
The kobold hits you but does no damage.
The orc warrior hits you from afar with a +0 trident!
The orc wizard hits you with a +0 whip.
You feel less confused.
You closely miss the orc wizard.
The orc wizard is severely wounded.
You closely miss the kobold. The kobold hits you but does no damage.
The orc warrior barely misses you.
The orc wizard mumbles some strange words.
The orc wizard flickers and vanishes!
Deactivating autopickup; reactivate with Ctrl-A.
The kobold hits you but does no damage.
You miss something. Your headbutt misses something. You hit the orc.
You kill the orc!
You miss the kobold.
The orc warrior hits you but does no damage.
Something hits you but does no damage. The kobold closely misses you.
You furiously retaliate!
You headbutt the kobold!
You kill the kobold!
You block the orc warrior's attack.
You miss something. Something hits you but does no damage.
The orc warrior closely misses you.
You barely miss something. Your headbutt misses something. Something hits you.
The orc warrior hits you but does no damage.
Something hits you but does no damage.
You miss something.
The orc warrior hits you from afar with a +0 trident.
Something hits you.
* * * LOW HITPOINT WARNING * * *
The orc warrior hits you from afar with a +0 trident!
You die...

####...####...# #####
$.8##.......<.#
....#..##.##### #.#..
#.# .##.#..##.#
....#..#..# #.#..#.##
.##.#....# ....#..@{###
..8##..))..##
####...o....##
..............####
..................##
.#####.....[.......#####
............#....<#
....................
#..............o#####


You could see an orc warrior.

Vanquished Creatures
  2 adders
  An adder skeleton (D:4)
  2 dart slugs
  11 orcs
  6 ball pythons
  3 bats
  6 endoplasms
  2 giant cockroaches (D:1)
  5 goblins
  7 hobgoblins
  3 quokkas
  4 frilled lizards
  6 kobolds
  6 rats
64 creatures vanquished.

Notes
Turn   | Place    | Note
-------+----------+-------------------------------------------
     0 | D:1      | cbfl8 the Minotaur Fighter began the quest for the Orb.
     0 | D:1      | Reached XP level 1. HP: 19/19 MP: 0/0
   212 | D:1      | Reached XP level 2. HP: 26/27 MP: 1/1
   816 | D:2      | Reached XP level 3. HP: 27/33 MP: 2/2
   819 | D:2      | Reached skill level 1 in Evocations
  1256 | D:2      | Found Nose's Magic Scroll Boutique.
  1264 | D:2      | Bought a scroll of identify for 24 gold pieces
  1264 | D:2      | Bought a scroll of identify for 24 gold pieces
  1880 | D:3      | Reached XP level 4. HP: 40/40 MP: 3/3
  1946 | D:3      | Noticed an ice beast
  1950 | D:3      | Found a transporter.
  1956 | D:3      | Noticed macfelon's ghost (amateur DECj)
  2074 | D:3      | Found a transporter.
  2136 | D:3      | Reached skill level 1 in Throwing
  2600 | D:4      | Noticed an orc warrior
  2689 | D:4      | Slain by an orc warrior

Illustrated notes

Levels and vault maps discovered:
D:1:      shiori_arrival_elements, layout_loops_ring, minmay_misc_feat_iff,
          minmay_misc_feat_secret_circle
D:2:      layout_basic, serial_shops, shop, st_stairs_1, grunt_ministairs_2
D:3:      layout_basic, gammafunk_ghost_arena, kennysheep_generic_room_3
D:4:      layout_rooms, gammafunk_ghost_arena, uniq_pikel

Skill      XL: |  1  2  3  4 |
---------------+-------------+-----
Evocations     | 1 |  1.9
Fighting       | 4 |  4.1
Axes           | 3 |  3.4
Armour         | 4 |  4.2
Throwing       | 1 |  1.1
Dodging        | |  0.3
Shields        | |  3.8

Action                   |  1- 3 |  4- 6 || total
-------------------------+-------+-------++-------
Melee: War axe           |    86 |    44 ||   130
       Headbutt          |    13 |     2 ||    15
  Use: Scroll            |     4 |     1 ||     5
       Potion            |       |     1 ||     1
Armor: Scale mail        |    57 |    24 ||    81
Dodge: Dodged            |    40 |    27 ||    67
Block: Buckler           |    15 |     8 ||    23
